Map: New Repugnancy LE

Players

Namshar - Winner!

  • Race: Zerg Zerg
  • Spawn Location: 1:00

Probe

  • Race: Protoss Protoss
  • Spawn Location: 7:00

Event: 2019 WCS Spring

VOD

Have the link to the VOD?

Description

Time

  • Played on: May 18, 2019, 9:44 a.m.
  • Length: 14:36

All games in this series

Show
View Real Time Build Order
Export as new Build Order

Namshar Zerg - Winner!

Build Orders: Hatch First, Lurkers, Roach Hydra 

Get SALT Encoding   

  12  0:00  Drone  
  13  0:12  Overlord  
  13  0:16  Drone  
  14  0:30  Drone x2  
  16  0:48  Hatchery  
  15  0:50  Drone  
  15  0:54  Drone  
  17  0:58  Drone  
  18  1:09  Extractor  
  17  1:13  Spawning Pool  
  17  1:16  Drone  
  17  1:20  Drone  
  18  1:28  Drone  
  19  1:38  Drone  
  20  1:49  Drone  
  21  1:59  Queen x2  
  21  2:01  Overlord, Zergling x2  
  26  2:08  Metabolic Boost  
  26  2:11  Drone  
  26  2:12  Drone  
  28  2:21  Drone  
  28  2:22  Drone  
  30  2:33  Drone x2  
  32  2:41  Hatchery  
  32  2:43  Zergling x2  
  31  2:47  Pneumatized Carapace  
  31  2:53  Overlord  
  31  2:54  Drone  
  31  2:56  Drone  
  33  3:04  Drone x2  
  35  3:10  Drone  
  35  3:11  Overlord  
  35  3:12  Drone  
  37  3:13  Drone  
  37  3:17  Drone x3  
  41  3:22  Drone  
  41  3:25  Queen  
  44  3:33  Overlord  
  44  3:37  Spore Crawler  
  44  3:38  Spore Crawler  
  43  3:41  Drone x3  
  43  3:46  Drone x3  
  48  3:54  Queen  
  50  3:58  Drone x3  
  50  4:00  Spore Crawler  
  52  4:07  Drone x2  
  52  4:08  Drone  
  54  4:17  Drone  
  54  4:18  Drone, Overlord, Queen  
  54  4:20  Lair  
  59  4:24  Zergling x6  
  59  4:29  Queen  
  63  4:32  Drone x2  
  61  4:39  Extractor x2  
  61  4:41  Drone x5  
  61  4:42  Drone  
  65  4:46  Drone x3  
  65  4:50  Overlord  
  68  4:54  Zergling x4  
  70  5:02  Zergling x6  
  70  5:06  Overlord x3  
  73  5:10  Roach Warren  
  73  5:11  Evolution Chamber  
  71  5:21  Drone x4  
  73  5:22  Hydralisk Den  
  73  5:23  Drone  
  73  5:26  Extractor  
  73  5:27  Extractor, Drone x5  
  73  5:28  Drone x2  
  80  5:33  Overlord  
  80  5:35  Extractor  
  80  5:38  Drone  
  80  5:39  Drone x3  
  80  5:40  Overseer  
  83  5:43  Overlord  
  83  5:49  Drone  
  78  5:50  Drone x5  
  78  5:54  Drone  
  78  5:59  Drone  
  78  6:00  Drone  
  78  6:07  Grooved Spines, Glial Reconstitution, Zerg Missile Weapons Level 1  
  78  6:09  Drone x3  
  81  6:16  Drone x3  
  84  6:21  Roach x4  
  92  6:26  Roach x2  
  96  6:34  Hatchery  
  92  6:40  Drone x2  
  92  6:41  Drone, Roach x3  
  92  6:42  Roach  
  103  6:52  Hydralisk x5  
  113  6:57  Lurker Den  
  113  7:00  Drone  
  113  7:02  Hydralisk  
  113  7:03  Hydralisk x2  
  119  7:10  Hydralisk  
  120  7:18  Muscular Augments  
  120  7:22  Overlord x5  
  120  7:23  Overlord  
  120  7:26  Drone  
  121  7:42  Drone x11  
  121  7:43  Drone  
  133  7:49  Queen  
  135  7:51  Hydralisk x4  
  143  8:04  Hydralisk x9  
  161  8:07  Overlord  
  161  8:08  Overlord  
  160  8:14  Spore Crawler  
  160  8:16  Extractor  
  160  8:19  Hydralisk x5  
  167  8:28  Overlord  
  168  8:34  Drone x2, Zerg Missile Weapons Level 2  
  168  8:39  Hydralisk x3  
  174  8:44  Hatchery  
  173  8:56  Infestation Pit  
  173  9:01  Hydralisk  
  173  9:02  Zergling x30  
  172  9:17  Hydralisk x9  
  179  9:27  Hydralisk  
  179  9:28  Hydralisk x4, Spire  
  185  9:34  Hive  
  185  9:35  Drone x2  
  188  9:38  Extractor, Lurker x2  
  188  9:39  Lurker  
  188  9:42  Drone x2  
  188  9:43  Drone  
  192  9:55  Hydralisk  
  192  9:56  Hydralisk x3  
  172  10:14  Hydralisk x2  
  172  10:15  Hydralisk x8  
  172  10:20  Lurker  
  187  10:35  Drone  
  187  10:36  Drone x2  
  187  10:38  Zergling x20  
  187  10:39  Zergling x16  
  195  10:44  Spine Crawler, Spore Crawler  
  195  10:46  Spine Crawler  
  195  10:48  Spine Crawler  
  189  10:51  Hydralisk  
  189  10:52  Zergling x8  
  189  11:00  Zergling x8, Hydralisk  
  189  11:05  Greater Spire, Zerg Missile Weapons Level 3  
  189  11:12  Adaptive Talons  
  187  11:19  Lurker x7  
  188  11:34  Hydralisk x7  
  188  11:42  Lurker  
  184  11:47  Hydralisk x3  
  185  11:54  Hydralisk  
  185  11:55  Zergling x12  
  185  12:00  Corruptor x2  
  190  12:04  Extractor  
  190  12:05  Extractor  
  183  12:21  Hydralisk x8  
  199  12:35  Brood Lord  
  189  12:48  Brood Lord  
  184  12:51  Corruptor  
  184  12:52  Corruptor x3  
  178  13:16  Corruptor x3  
  178  13:17  Hydralisk  
  178  13:18  Zergling x28  
  200  13:31  Overlord x4  
  200  13:45  Overseer x3  
  194  14:06  Brood Lord x6  
  194  14:11  Spine Crawler  
  194  14:12  Drone x2  
  194  14:13  Drone x2  
  194  14:15  Spine Crawler x2  
  191  14:17  Spine Crawler  
  191  14:18  Spine Crawler  
  191  14:27  Spine Crawler  
Show
View Real Time Build Order
Export as new Build Order

Probe Protoss 

Build Orders: 1 Gate Expand, Oracle Opening, Archon Immortal 

Get SALT Encoding   

  12  0:00  Probe  
  13  0:12  Probe  
  14  0:19  Pylon  
  14  0:25  Probe  
  15  0:30  Assimilator  
  15  0:33  Probe  
  16  0:43  Gateway, Probe  
  17  0:53  Probe  
  18  1:05  Probe  
  19  1:17  Probe  
  20  1:24  Nexus  
  20  1:33  Cybernetics Core  
  20  1:36  Probe  
  21  1:42  Assimilator  
  21  1:48  Probe  
  21  1:51  Pylon  
  22  1:59  Probe, Adept  
  23  2:08  Probe  
  23  2:09  Warp Gate  
  26  2:16  Probe  
  26  2:21  Stargate  
  27  2:23  Stalker  
  27  2:26  Probe  
  28  2:36  Probe  
  31  2:39  Probe  
  32  2:48  Probe  
  33  2:51  Probe  
  33  2:55  Oracle  
  34  3:00  Probe  
  34  3:03  Probe  
  39  3:08  Pylon  
  39  3:13  Probe  
  39  3:15  Probe  
  41  3:24  Gateway  
  41  3:25  Probe  
  42  3:28  Probe  
  42  3:30  Oracle, Assimilator  
  42  3:31  Assimilator  
  43  3:37  Probe  
  43  3:40  Probe  
  48  3:45  Pylon  
  48  3:49  Probe  
  48  3:52  Probe  
  50  3:58  Pylon  
  50  4:01  Oracle, Probe  
  51  4:04  Probe  
  51  4:07  Adept  
  57  4:11  Robotics Facility  
  57  4:13  Pylon, Probe  
  58  4:20  Probe  
  58  4:23  Adept  
  61  4:25  Probe  
  62  4:32  Probe  
  62  4:37  Probe  
  64  4:41  Oracle  
  64  4:44  Probe  
  68  4:45  Nexus  
  68  4:49  Pylon  
  68  4:54  Pylon  
  68  4:57  Probe x2  
  68  4:59  Observer  
  71  5:04  Twilight Council  
  71  5:06  Forge  
  71  5:09  Probe x2  
  73  5:15  Shield Battery  
  73  5:18  Immortal  
  73  5:21  Gateway  
  73  5:23  Gateway  
  77  5:30  Sentry x2  
  77  5:34  Charge  
  81  5:41  Probe x2  
  83  5:49  Immortal  
  80  5:56  Probe, Adept x2  
  80  5:57  Probe  
  84  6:04  Protoss Ground Weapons Level 1  
  84  6:06  Probe  
  85  6:11  Probe x2  
  85  6:16  Robotics Facility  
  85  6:18  Probe  
  88  6:23  Probe x2  
  90  6:26  Immortal  
  90  6:30  Probe  
  95  6:35  Probe x2  
  97  6:41  Gateway  
  97  6:43  Probe  
  97  6:44  Gateway  
  97  6:45  Gateway  
  98  6:47  Assimilator, Gateway, Probe  
  98  6:48  Assimilator  
  98  6:49  Pylon  
  99  6:56  Immortal  
  99  6:58  Templar Archives, Immortal  
  99  7:02  Pylon  
  99  7:04  Pylon  
  107  7:24  Photon Cannon, Shield Battery  
  107  7:29  Photon Cannon  
  107  7:33  Psionic Storm  
  107  7:36  High Templar x3  
  107  7:37  Zealot x2, Immortal  
  115  7:38  Warp Prism  
  115  7:43  Pylon  
  123  7:45  High Templar  
  123  7:48  Photon Cannon  
  125  7:55  Zealot x2  
  129  8:09  High Templar  
  129  8:10  High Templar  
  133  8:13  Zealot x3  
  139  8:22  Immortal  
  139  8:25  Nexus  
  139  8:26  Protoss Ground Weapons Level 2  
  135  8:28  Pylon  
  135  8:29  Pylon  
  135  8:30  Pylon  
  135  8:31  Pylon  
  135  8:33  Pylon  
  135  8:41  Immortal  
  135  8:59  Observer  
  135  9:01  Pylon, Immortal  
  129  9:07  Zealot x5  
  129  9:08  Zealot  
  141  9:11  Immortal  
  137  9:18  Probe x2  
  139  9:25  High Templar x2  
  137  9:33  Observer, High Templar x2  
  137  9:34  Zealot x2, High Templar x2  
  148  9:42  Archon x2  
  145  9:56  Zealot x2  
  138  10:04  Zealot  
  138  10:05  Zealot  
  125  10:10  Zealot x4  
  128  10:18  Zealot x2  
  128  10:19  Probe x2  
  128  10:21  Probe  
  127  10:26  Probe  
  127  10:27  High Templar x2  
  126  10:31  Probe x2  
  126  10:33  Probe  
  128  10:38  Probe, High Templar x2  
  133  10:43  Probe x2  
  133  10:45  Probe  
  133  10:48  Observer x2  
  136  10:55  Zealot, Probe  
  136  10:56  Zealot x4, Probe  
  142  10:57  Probe  
  138  11:09  Zealot, High Templar  
  138  11:10  Nexus  
  140  11:19  Zealot x6  
  142  11:29  Observer  
  138  11:36  Zealot  
  125  11:40  Zealot  
  125  11:41  Zealot x4  
  134  11:58  High Templar x2  
  134  11:59  High Templar  
  140  12:05  Probe x3  
  140  12:07  High Templar  
  140  12:08  High Templar  
  147  12:17  Archon  
  147  12:18  Archon, Zealot x3  
  151  12:33  Zealot x3  
  143  12:50  Zealot x3  
  136  12:58  Probe x2  
  136  12:59  Probe  
  136  13:01  Probe  
  138  13:10  Probe x2  
  138  13:11  Probe  
  141  13:14  Probe  
  141  13:18  Stalker x2, Stargate  
  141  13:19  Stargate  
  146  13:22  Probe  
  144  13:32  Zealot x5  
  154  13:46  Warp Prism  
  156  13:50  Pylon  
  155  13:58  High Templar x4  
  155  13:59  Zealot x3  
  160  14:02  Archon  
  160  14:03  Archon  
  158  14:11  Probe x2  
  158  14:12  Assimilator, Probe x2  
  158  14:13  Assimilator  
  154  14:19  Probe x2  
  154  14:20  Probe x2  
Tags
 
Add a new tag
Caveats
  • Supply blocks, unpowered buildings, or Contaminate may cause inaccurate times.
  • Supply counts are checked every 10 seconds.